woodfighter, neutral female human Wizard --- ---- --.|. |..-- -.... --...--....- -..........| .......)?.)| -......f.-- ----..@--- --h-------------. ..%............. --------------..- |...| ---..-- |.....-- ---....[<| |..--....| |..|---.-- ---- --- woodfighter the Conjurer Experience level: 5 Strength: 11 Dexterity: 11 Constitution: 15 Intelligence: 13 Wisdom: 16 Charisma: 9 Health: 0(42) Energy: 41(71) Def: 3 Gold: 111 Moves: 2026 Dungeon seed: CEdSnU1KFO0g0wIz Game ID: woodfighter_1447932752 Your Inventory: Coins $ - 111 gold pieces Amulets x - a cursed amulet of strangulation Weapons a - a blessed +1 quarterstaff (weapon in hands) Armor e - an uncursed +0 cloak of magic resistance (being worn) q - an uncursed +0 pair of jumping boots (being worn) y - an uncursed +0 orcish helm (being worn) z - a cursed -1 cloak of invisibility N - a cursed -1 dwarvish cloak Comestibles f - 4 uncursed food rations J - an uncursed pizza Wands d - a wand of nothing (0:6) k - a wand of fire (0:5) A - a wand of make invisible (0:4) Tools s - an uncursed oilskin sack v - an uncursed skeleton key K - 2 uncursed tallow candles (0:200) Gems n - an uncursed worthless piece of black glass r - an uncursed worthless piece of orange glass Y - an uncursed worthless piece of red glass Contents of the oilskin sack: 35 gold pieces a blessed scroll of magic mapping 3 uncursed scrolls of scare monster a cursed scroll of teleportation a blessed spellbook of force bolt an uncursed spellbook of sleep an uncursed potion of healing an uncursed potion of see invisible a blessed potion of sickness an uncursed potion of sickness Spells and supernatural/magical abilities: Name Level Category Fail Memory a - force bolt 1 attack 14% 90% z - sleep 1 enchantment 14% 90% W - pray for help -- divine ? -- Y - supernatural jump -- ability ? -- Your skills at the end: Miscellaneous Skills wands [Basic] Weapon Skills quarterstaff [Basic] Spellcasting Skills attack spells [Basic] enchantment spells [Basic] Final Attributes: You were devoutly aligned. You were magic-protected. You could jump. You are dead. Vanquished creatures: a small mimic 3 gnome lords a dwarf a rothe 4 geckos a hobgoblin 2 giant rats a cave spider a brown mold a yellow mold a red mold 4 gnomes 5 jackals a fox a kobold 3 newts a goblin a sewer rat 6 grid bugs 3 lichens 42 creatures vanquished. Voluntary challenges: You did not adorn yourself with jewelry or accessories. You were an atheist. You used a wielded weapon 62 times, starting on turn 2. You did not apply a unicorn horn. You were illiterate. You never genocided any monsters. You never polymorphed an object. You never changed form. You used no wishes. You never split a pudding. You never wrote Elbereth's name. You never violated your personal moral code. Dungeon overview: The Dungeons of Doom: levels 1 to 5 Level 1 some fountains a long staircase Level 2 some fountains Level 3 (vault + locked box in shop) a general store, a fountain Level 4 a scroll shop stairs to The Gnomish Mines Level 5 The Gnomish Mines: Level 5 <- You were here stairs to The Dungeons of Doom History has recorded: On T:1 you entered the Dungeons of Doom to retrieve the Amulet of Yendor! On T:323 you reached level 2 of The Dungeons of Doom. On T:446 you advanced to experience level 2. On T:591 you reached level 3 of The Dungeons of Doom. On T:921 you reached level 4 of The Dungeons of Doom. On T:1151 you advanced to experience level 3. On T:1444 you advanced to experience level 4. On T:1588 you reached level 1 of The Gnomish Mines. On T:1741 you reached level 5 of The Dungeons of Doom. On T:1975 you advanced to experience level 5. Score breakdown: Gold: 146 ( 14 points) Experience: 5 levels ( 400 points) Exploration: 5 levels ( 120 points) Discoveries: 4 items ( 200 points) Variety of kills: 20 monsters ( 1000 points) Major goal: (nothing yet) ( 0 points) Survival: died (score multiplied by 3) Total score: 5202 Latest messages: The spell misses the dwarf. The dwarf thrusts his broad short sword. The dwarf stabs you! You die... Final status: Goodbye woodfighter the Wizard, killed by a dwarf... You died in The Gnomish Mines on dungeon level 5 with 5202 points, and 146 pieces of gold, after 2026 moves. You were level 5 with a maximum of 42 hit points when you died.